[Event "Titled Tuesday Blitz June 21 Early 2022"]
[White "Grigorov, Grigor"]
[Black "Agibileg, Uurtsaikh"]
[WhiteFideId "2907313"]
[BlackFideId "4901606"]
[WhiteElo "2510"]
[BlackElo "2205"]
[Result "1-0"]
[Round "06"]
[TimeControl "180+1"]
[Date "2022.06.21"]
[WhiteClock "0:00:10"]
[BlackClock "0:00:02"]

1. d4 Nf6 2. Nf3 g6 3. Bg5 Bg7 4. Nbd2 d5 5. e3 O-O 6. Be2 c5 7. c3 cxd4 8. cxd4 h6 9. Bh4 Nc6 10. O-O Bf5 11. Rc1 Rc8 12. Qb3 Na5 13. Qa3 a6 14. Rxc8 Bxc8 15. Rc1 b5 16. b3 Bb7 17. Ne5 Re8 18. Bg3 Qb6 19. Nxg6 b4 20. Qb2 Nxb3 21. Nxe7+ Rxe7 22. Nxb3 Ne4 23. Bf4 a5 24. Qc2 Nc3 25. Bd3 Ba6 26. Bxa6 Qxa6 27. Re1 a4 28. Nc5 Qb5 29. Nd3 Qc4 30. Rc1 Rb7 31. h3 Bf8 32. Ne5 Ne2+ 33. Kh2 Qxc2 34. Rxc2 b3 35. axb3 axb3 36. Rxe2 b2 37. Rxb2 Rxb2 38. Kg3 f6 39. Nd7 Bg7 40. Nb8 Rb6 41. Nd7 Rb3 42. Kg4 Kf7 43. Kf5 Rb2 44. Bg3 h5 45. Nc5 Rb5 46. Nd3 Ra5 47. Nf4 Ra2 48. Nxh5 Bh8 49. Nf4 Ra5 50. h4 Rb5 51. h5 Bg7 52. Bh4 Rb2 53. g4 Rb5 54. Bg3 Ra5 55. Bh4 Rb5 56. Ne6 Ra5 57. Nxg7 Kxg7 58. Bxf6+ Kh6 59. Bg5+ Kg7 60. Bf4 Ra6 61. g5 Kf7 62. Be5 Rb6 63. g6+ Kg8 64. h6 Rb7 65. h7+ Rxh7 66. gxh7+ 1-0


[Site "https://www.chess.com"]

[Event "Titled Tuesday Blitz June 21 Early 2022"]
[White "Halkias, Stelios"]
[Black "Joie, Sebastien"]
[WhiteFideId "4201809"]
[BlackFideId "650420"]
[WhiteElo "2738"]
[BlackElo "2562"]
[Result "1-0"]
[Round "06"]
[TimeControl "180+1"]
[Date "2022.06.21"]
[WhiteClock "0:00:24"]
[BlackClock "0:00:53"]

1. Nf3 d5 2. d4 Nf6 3. c4 c6 4. Nc3 dxc4 5. e4 b5 6. Be2 Bg4 7. O-O e6 8. a4 b4 9. e5 Nd5 10. Ne4 c3 11. bxc3 Bf5 12. Bg5 f6 13. exf6 gxf6 14. Nxf6+ Nxf6 15. Ne5 Rg8 16. Bh5+ Bg6 17. Bxg6+ hxg6 18. Qf3 Be7 19. Rfe1 Qd5 20. Qh3 Nbd7 21. c4 Qd6 22. Rad1 O-O-O 23. Nf7 Qc7 24. Nxd8 Bxd8 25. Qxe6 a5 26. Bxf6 1-0


[Site "https://www.chess.com"]

[Event "Titled Tuesday Blitz June 21 Early 2022"]
[White "Hamidi, Amir Mohammad"]
[Black "Goltseva, Ekaterina"]
[WhiteFideId "12563285"]
[BlackFideId "24173770"]
[WhiteElo "2283"]
[BlackElo "2086"]
[Result "1/2-1/2"]
[Round "06"]
[TimeControl "180+1"]
[Date "2022.06.21"]
[WhiteClock "0:01:05"]
[BlackClock "0:00:16"]

1. Nf3 d5 2. g3 Nf6 3. Bg2 e6 4. O-O c5 5. d4 cxd4 6. Nxd4 e5 7. Nf3 Nc6 8. c4 d4 9. e3 Be6 10. exd4 exd4 11. Re1 Be7 12. b3 O-O 13. Ne5 Rc8 14. Nxc6 bxc6 15. Nd2 Bb4 16. Bb2 Bg4 17. Qc1 d3 18. a3 Bc5 19. Qc3 Qb6 20. Ne4 Be7 21. Qxd3 Bf5 22. Qc3 Bxe4 23. Rxe4 Bc5 24. Re2 Rcd8 25. b4 Bd4 26. Qc2 c5 27. Bxd4 Rxd4 28. b5 Qa5 29. h3 Rfd8 30. Kh2 g6 31. Qb2 Nd7 32. Rae1 Nb6 33. Bd5 Nxd5 34. cxd5 R8xd5 35. Re8+ Kg7 36. R8e5 Qd2 37. Qxd2 Rxd2 38. Rxd5 Rxd5 39. Re7 c4 40. Rxa7 Rxb5 41. a4 Rc5 42. Re7 c3 43. Re1 c2 44. Rc1 Kf6 45. a5 Ke6 46. a6 1/2-1/2


[Site "https://www.chess.com"]

[Event "Titled Tuesday Blitz June 21 Early 2022"]
[White "Harvey, Marcus R"]
[Black "Paravyan, David"]
[WhiteFideId "400092"]
[BlackFideId "4194985"]
[WhiteElo "2485"]
[BlackElo "2569"]
[Result "0-1"]
[Round "06"]
[TimeControl "180+1"]
[Date "2022.06.21"]
[WhiteClock "0:00:04"]
[BlackClock "0:00:06"]

1. d4 Nf6 2. c4 g6 3. g3 c6 4. Bg2 d5 5. Nc3 Bg7 6. Qb3 O-O 7. cxd5 cxd5 8. e3 Nc6 9. Nge2 e5 10. O-O exd4 11. Nxd4 Nxd4 12. exd4 Qb6 13. Qxb6 axb6 14. Bg5 Be6 15. Rfd1 Rfd8 16. a3 h6 17. Bf4 Rac8 18. Be5 Ne8 19. Bxg7 Kxg7 20. Rac1 Rc6 21. Na4 Rdc8 22. Rxc6 Rxc6 23. Nc3 Nf6 24. f3 Ne8 25. Bf1 Nd6 26. Kf2 b5 27. Rd2 Nc4 28. Bxc4 bxc4 29. g4 Rb6 30. Re2 Rb3 31. Ke1 b5 32. Kd1 b4 33. axb4 Rxb4 34. Kc2 Rb8 35. Re5 Rd8 36. h4 Kf6 37. Re1 Ra8 38. Re5 Ra5 39. h5 g5 40. Re1 Ke7 41. Re5 Kd7 42. Ne4 Ra1 43. Nf6+ Kd6 44. Ng8 Rf1 45. Re3 Rf2+ 46. Kc3 f5 47. gxf5 Bxg8 48. Re8 Bf7 49. Rh8 Rxf3+ 50. Kc2 Rxf5 51. Rxh6+ Ke7 52. Rh7 g4 53. h6 Rh5 54. Rg7 Rxh6 55. Rxg4 Rh3 56. Rg5 Be6 57. Rg7+ Kd6 58. Rg5 Rd3 59. b3 Rxb3 0-1


[Site "https://www.chess.com"]

[Event "Titled Tuesday Blitz June 21 Early 2022"]
[White "Hoffmann, Asa"]
[Black "Reprintsev, Alexander"]
[WhiteFideId "2001470"]
[BlackFideId "14100541"]
[WhiteElo "2117"]
[BlackElo "2108"]
[Result "1-0"]
[Round "06"]
[TimeControl "180+1"]
[Date "2022.06.21"]
[WhiteClock "0:00:38"]
[BlackClock "0:00:02"]

1. d4 d5 2. Bg5 Nc6 3. e3 f6 4. Bh4 Nh6 5. Bd3 Nf5 6. Bg3 e5 7. c3 h5 8. h3 Nxg3 9. Bg6+ Ke7 10. fxg3 Qd6 11. Qf3 e4 12. Qf2 Rh6 13. Bf5 Bxf5 14. Qxf5 Qxg3+ 15. Qf2 Qxf2+ 16. Kxf2 h4 17. Ne2 g5 18. Nd2 Ke6 19. c4 Nb4 20. cxd5+ Kf5 21. Nc3 Re8 22. Ke2 Kg6 23. a3 Na6 24. Ndxe4 f5 25. Nd2 Bd6 26. Kd3 Kh5 27. Rhf1 Rf6 28. e4 fxe4+ 29. Ndxe4 Rxf1 30. Rxf1 Be7 31. Rf7 Kg6 32. Rf3 Nb8 33. Nd1 Nd7 34. Ne3 Nf6 35. Nxf6 Bxf6 36. Ng4 Bg7 37. Re3 Rxe3+ 38. Kxe3 Kf5 39. a4 a5 40. b3 b6 41. Nf2 Bf8 42. Ne4 Be7 43. Kf3 Bd8 44. d6 c6 45. d7 Ke6 46. Kg4 Kd5 47. Nxg5 b5 48. Nf7 Be7 49. d8=Q+ Bxd8 50. Nxd8 bxa4 51. bxa4 Kxd4 52. Nxc6+ 1-0


[Site "https://www.chess.com"]

[Event "Titled Tuesday Blitz June 21 Early 2022"]
[White "Ianov, Viktor"]
[Black "Sapunov, Evgeny"]
[WhiteFideId "14102730"]
[BlackFideId "4126661"]
[WhiteElo "2550"]
[BlackElo "2731"]
[Result "1-0"]
[Round "06"]
[TimeControl "180+1"]
[Date "2022.06.21"]
[WhiteClock "0:01:11"]
[BlackClock "0:00:40"]

1. Nf3 Nf6 2. g3 g6 3. b3 Bg7 4. Bb2 O-O 5. Bg2 d6 6. d4 Nbd7 7. O-O Re8 8. c4 c6 9. Nc3 e5 10. e4 exd4 11. Nxd4 Nc5 12. Qc2 a5 13. h3 Qb6 14. Rfd1 a4 15. Rab1 axb3 16. axb3 Nfd7 17. Nce2 Ne5 18. Bc3 Ra3 19. b4 Na4 20. Ba1 Qa7 21. f4 Nd7 22. Kh2 Nf6 23. b5 Bd7 24. bxc6 bxc6 25. Nb3 Qf2 26. Bd4 Ng4+ 27. hxg4 Bxd4 28. Nexd4 Qxc2 29. Nxc2 Ra2 30. Nb4 Re2 31. Rxd6 Bxg4 32. Nd4 Rd2 33. Nbxc6 Rxe4 34. Rd8+ Kg7 35. Nf5+ Bxf5 36. Rxd2 Rxc4 37. Rb4 Rxb4 38. Nxb4 Nc5 39. Nd5 h5 40. Ne3 Be4 41. Bxe4 Nxe4 42. Rd7 Kf8 43. Ra7 f5 44. Nd5 Kg8 45. Ne7+ Kf8 46. Nxg6+ Ke8 47. Ne7 1-0


[Site "https://www.chess.com"]

[Event "Titled Tuesday Blitz June 21 Early 2022"]
[White "Jaferian, Koosha"]
[Black "Ladan, Nicholas"]
[WhiteFideId "12507440"]
[BlackFideId "30918855"]
[WhiteElo "2692"]
[BlackElo "2526"]
[Result "1-0"]
[Round "06"]
[TimeControl "180+1"]
[Date "2022.06.21"]
[WhiteClock "0:01:56"]
[BlackClock "0:00:19"]

1. Nf3 d5 2. b3 Bg4 3. Bb2 e6 4. e3 Nd7 5. Be2 Ngf6 6. O-O Bd6 7. d4 a5 8. c4 c6 9. Nbd2 O-O 10. Ne5 Bxe2 11. Qxe2 Ne8 12. f4 f6 13. Nxd7 Qxd7 14. e4 Bb4 15. Nf3 dxe4 16. Qxe4 Nd6 17. Qe2 a4 18. a3 Ba5 19. b4 Bc7 20. Rad1 b5 21. d5 Nxc4 22. dxe6 Bb6+ 23. Kh1 Qa7 24. Rd7 Qb8 25. Nh4 Ra7 26. Nf5 Rxd7 27. exd7 Qd8 28. Rd1 Nxb2 29. Qxb2 Rf7 30. Qe2 Kf8 31. Qe6 Qc7 32. d8=Q+ Qxd8 33. Rxd8+ Bxd8 34. Qxc6 Rc7 35. Qd6+ Kf7 36. Qd5+ Kg6 37. g4 1-0


[Site "https://www.chess.com"]

[Event "Titled Tuesday Blitz June 21 Early 2022"]
[White "Jakubowska, Anna"]
[Black "Zaloznyy, Mike"]
[WhiteFideId "1121952"]
[BlackFideId "2023075"]
[WhiteElo "1878"]
[BlackElo "2003"]
[Result "0-1"]
[Round "06"]
[TimeControl "180+1"]
[Date "2022.06.21"]
[WhiteClock "0:00:17"]
[BlackClock "0:00:57"]

1. e4 c6 2. d4 d5 3. e5 c5 4. dxc5 e6 5. a3 Bxc5 6. b4 Be7 7. Nf3 f6 8. Bb2 a5 9. b5 Nd7 10. Bd3 Nh6 11. O-O Nf7 12. exf6 Bxf6 13. Bxf6 Qxf6 14. Nbd2 e5 15. Re1 O-O 16. Qe2 e4 17. Nxe4 dxe4 18. Qxe4 g6 19. Bc4 Kg7 20. Bb3 Nc5 21. Qc4 Nxb3 22. Qxb3 Bg4 23. Nd2 Ng5 24. f3 Qd4+ 25. Qe3 Qxe3+ 26. Rxe3 Bf5 27. c4 Rae8 28. Rxe8 Rxe8 29. Rc1 Rd8 30. Nb3 b6 31. c5 a4 32. Na1 bxc5 33. Kf2 Rd2+ 34. Ke3 Rd3+ 35. Kf4 Kf6 36. Rxc5 Ne6+ 0-1


[Site "https://www.chess.com"]

[Event "Titled Tuesday Blitz June 21 Early 2022"]
[White "Jakubowski, Krzysztof"]
[Black "Veiga, Jose Francisco R P Neves"]
[WhiteFideId "1112848"]
[BlackFideId "1930087"]
[WhiteElo "2365"]
[BlackElo "2326"]
[Result "0-1"]
[Round "06"]
[TimeControl "180+1"]
[Date "2022.06.21"]
[WhiteClock "0:00:08"]
[BlackClock "0:00:14"]

1. e4 g6 2. d4 Bg7 3. Nc3 d5 4. e5 c6 5. f4 Nh6 6. Nf3 Bg4 7. Be3 f6 8. Be2 O-O 9. Qd2 Nf5 10. Bf2 e6 11. h3 Bxf3 12. Bxf3 fxe5 13. dxe5 Nh4 14. O-O-O Nxf3 15. gxf3 Bh6 16. Ne2 Nd7 17. h4 Nxe5 18. h5 Nc4 19. Qd3 Qf6 20. Bd4 e5 21. hxg6 Bxf4+ 22. Kb1 h6 23. Bc5 Rfe8 24. Nxf4 Qxf4 25. Rh5 Kg7 26. Rf5 Qg3 27. Rf7+ Kh8 28. Qf5 Nd2+ 29. Ka1 Qxf3 30. Qxf3 Nxf3 31. Rxf3 Re6 32. Rg1 Rg8 33. Rfg3 Kg7 34. Bxa7 h5 35. c3 Rh8 36. R3g2 h4 37. a4 h3 38. Rh2 Rxg6 39. Rgh1 Rg3 40. Bc5 Rh6 41. Bf2 Rf3 42. Bb6 Kf6 43. Ka2 Kf5 44. Ka3 Kg4 45. Re2 Rg3 46. Rf1 h2 47. Rh1 Rgh3 48. Bc7 Kf3 49. Rxe5 Kg2 50. Ree1 Rf3 51. Rxh2+ Rxh2 52. Bxh2 Kxh2 53. Re7 b5 54. Rc7 d4 55. Kb3 d3 56. Rd7 Kg2 57. a5 Kf2 58. a6 Ke2 59. Re7+ Kd2 60. a7 Rf8 61. Rc7 Ra8 62. Kb4 Kc2 63. Kc5 d2 64. Rd7 d1=Q 65. Rxd1 Kxd1 66. Kb6 Kc2 67. b4 Kxc3 68. Kb7 Rxa7+ 69. Kxa7 Kxb4 70. Kb6 c5 71. Kc6 c4 72. Kd5 c3 73. Kd4 c2 74. Kd3 c1=Q 75. Kd4 Qc4+ 0-1


[Site "https://www.chess.com"]

[Event "Titled Tuesday Blitz June 21 Early 2022"]
[White "Jia, Haoxiang"]
[Black "Goltsev, Dmitry"]
[WhiteFideId "8602999"]
[BlackFideId "24176710"]
[WhiteElo "2602"]
[BlackElo "2258"]
[Result "1-0"]
[Round "06"]
[TimeControl "180+1"]
[Date "2022.06.21"]
[WhiteClock "0:01:34"]
[BlackClock "0:01:14"]

1. Nf3 d5 2. d4 c6 3. c4 Nf6 4. Nc3 dxc4 5. a4 a5 6. e4 Bg4 7. Bxc4 e6 8. Be3 Na6 9. d5 Nb4 10. dxe6 fxe6 11. Qb3 Qc8 12. Ng5 Be7 13. h3 Bh5 14. Nxe6 Bf8 15. Bb6 Bd6 16. Nxg7+ Kf8 17. Nf5 Be5 18. Bc5+ Ke8 19. Ng7+ Kd8 20. Nxh5 Nxh5 21. Qd1+ Qd7 22. Qxh5 Bxc3+ 23. bxc3 Nc2+ 24. Ke2 Nxa1 25. Rd1 Re8 26. Rxd7+ Kxd7 27. Qf7+ Kd8 28. Bb6+ Kc8 29. Qc7# 1-0


[Site "https://www.chess.com"]

[Event "Titled Tuesday Blitz June 21 Early 2022"]
[White "Joubert, Dantelle"]
[Black "Sovetbekova, Nurai"]
[WhiteFideId "14310813"]
[BlackFideId "13801910"]
[WhiteElo "1507"]
[BlackElo "1646"]
[Result "1-0"]
[Round "06"]
[TimeControl "180+1"]
[Date "2022.06.21"]
[WhiteClock "0:00:04"]
[BlackClock "0:00:03"]

1. e4 c5 2. Nf3 d6 3. Bb5+ Nd7 4. O-O a6 5. Be2 Ngf6 6. d3 g6 7. b3 Bg7 8. Bb2 O-O 9. Nbd2 b5 10. Re1 Qc7 11. Nf1 Bb7 12. Ne3 Rad8 13. a4 Nb6 14. axb5 axb5 15. e5 dxe5 16. Bxe5 Qc8 17. Qd2 c4 18. Qa5 Qc6 19. Bf1 cxb3 20. Nd4 Qc5 21. Bxf6 Bxf6 22. Nxb3 Qc6 23. Ng4 Bc3 24. Qa3 Bxa1 25. Qxa1 f6 26. Rxe7 Rd7 27. Rxd7 Qxd7 28. Nxf6+ Rxf6 29. Qxf6 Nd5 30. Qd4 Qf7 31. h4 Nf4 32. Nc5 Bd5 33. c4 bxc4 34. dxc4 Bxc4 35. Qxc4 1-0


[Site "https://www.chess.com"]

[Event "Titled Tuesday Blitz June 21 Early 2022"]
[White "Kamsky, Gata"]
[Black "Rustemov, Alexander"]
[WhiteFideId "2000024"]
[BlackFideId "4119002"]
[WhiteElo "2645"]
[BlackElo "2751"]
[Result "1/2-1/2"]
[Round "06"]
[TimeControl "180+1"]
[Date "2022.06.21"]
[WhiteClock "0:02:44"]
[BlackClock "0:02:45"]

1. d4 d5 2. Bf4 Nf6 3. e3 c5 4. c3 Nc6 5. Nd2 Bg4 6. Qb3 Qc8 7. Ngf3 Bxf3 8. Nxf3 e6 9. Be2 Be7 10. h3 O-O 11. O-O 1/2-1/2


[Site "https://www.chess.com"]

[Event "Titled Tuesday Blitz June 21 Early 2022"]
[White "Kopczynski, Michal"]
[Black "Williams, Simon K"]
[WhiteFideId "1124200"]
[BlackFideId "404454"]
[WhiteElo "2235"]
[BlackElo "2468"]
[Result "1/2-1/2"]
[Round "06"]
[TimeControl "180+1"]
[Date "2022.06.21"]
[WhiteClock "0:00:17"]
[BlackClock "0:00:06"]

1. e4 c5 2. d4 cxd4 3. c3 d5 4. exd5 Nf6 5. cxd4 Nxd5 6. Nf3 Nc6 7. Nc3 Bg4 8. Be2 e6 9. h3 Bh5 10. O-O Be7 11. Be3 O-O 12. Rc1 Rc8 13. Nxd5 Qxd5 14. Qa4 Qa5 15. Qxa5 Nxa5 16. g4 Bg6 17. Ne5 Rfd8 18. Nxg6 hxg6 19. Bf3 b6 20. b3 Ba3 21. Rxc8 Rxc8 22. Be4 Kf8 23. f4 Rc3 24. Kf2 f5 25. Bb1 Nc6 26. d5 exd5 27. gxf5 gxf5 28. Bxf5 Bc5 29. Re1 Rxe3 30. Rxe3 Kf7 31. Be6+ Kf6 32. Bxd5 Ne7 33. Be4 Nc8 34. Kf3 Bxe3 35. Kxe3 Nd6 36. Bd3 Ke6 37. Kd4 Nb7 38. b4 Nd8 39. Be4 Kd6 40. a4 Nf7 41. a5 Nd8 42. Kc4 Ne6 43. f5 Nc7 44. Kd4 Nb5+ 45. Ke3 Ke5 46. Bd3 Nd6 47. axb6 axb6 48. Be2 Nxf5+ 49. Kd3 Nd6 50. Bf3 Kf4 51. Bd5 Ke5 52. Bf3 g5 53. Bg4 Kd5 54. Bf3+ Ke5 55. Bg4 Ne4 56. Bf3 Nd6 1/2-1/2


[Site "https://www.chess.com"]

[Event "Titled Tuesday Blitz June 21 Early 2022"]
[White "Korchmar, Vasiliy"]
[Black "Maiorov, Nikita"]
[WhiteFideId "24131750"]
[BlackFideId "13501720"]
[WhiteElo "2730"]
[BlackElo "2550"]
[Result "1-0"]
[Round "06"]
[TimeControl "180+1"]
[Date "2022.06.21"]
[WhiteClock "0:00:36"]
[BlackClock "0:00:02"]

1. e4 c6 2. d4 d5 3. e5 Bf5 4. c4 e6 5. Nc3 Bb4 6. cxd5 exd5 7. Ne2 Ne7 8. Ng3 Bg6 9. Bd3 O-O 10. O-O c5 11. f4 Bxd3 12. Qxd3 cxd4 13. Nce2 Nbc6 14. a3 Bc5 15. b4 Bb6 16. b5 Na5 17. f5 Nc4 18. f6 gxf6 19. Nh5 Ng6 20. Nxf6+ Kh8 21. Qh3 d3+ 22. Kh1 Qxf6 23. exf6 dxe2 24. Re1 Rfe8 25. Ra2 Bd4 26. Bg5 Re5 27. Raxe2 Rxe2 28. Rxe2 Nd6 29. Qd7 Bc5 30. Bh6 Kg8 31. Re7 Ne4 32. Re8+ Rxe8 33. Qxe8+ Nf8 34. Bg7 1-0


[Site "https://www.chess.com"]

[Event "Titled Tuesday Blitz June 21 Early 2022"]
[White "Kosakowski, Jakub"]
[Black "Taichman, Ori"]
[WhiteFideId "1185080"]
[BlackFideId "2804069"]
[WhiteElo "2476"]
[BlackElo "2227"]
[Result "1-0"]
[Round "06"]
[TimeControl "180+1"]
[Date "2022.06.21"]
[WhiteClock "0:01:15"]
[BlackClock "0:00:22"]

1. e4 c5 2. Nf3 Nc6 3. d4 cxd4 4. Nxd4 d5 5. Bb5 dxe4 6. Nxc6 Qxd1+ 7. Kxd1 a6 8. Ba4 Bd7 9. Nc3 Bxc6 10. Bxc6+ bxc6 11. Nxe4 f5 12. Nc3 O-O-O+ 13. Ke2 e5 14. Be3 Nf6 15. Rad1 Nd5 16. Nxd5 cxd5 17. f4 e4 18. Rd2 g5 19. Rhd1 Bd6 20. Rxd5 Bxf4 21. Rc5+ Kb7 22. Rxd8 Rxd8 23. Rxf5 Bxh2 24. Rxg5 Kc6 25. Rh5 Bd6 26. Rxh7 Rg8 27. Kf1 Be5 28. Ra7 Bxb2 29. Rxa6+ Kd5 30. a4 Rc8 31. Ra5+ Ke6 32. Rc5 Ra8 33. a5 Ba3 34. Rb5 Rc8 35. a6 Ra8 36. a7 Bd6 37. Rb6 Kd7 38. Rxd6+ Kxd6 39. Bf4+ Kd5 40. Bb8 Kd4 41. Ke2 Kc3 42. Ke3 Kxc2 43. Kxe4 Kc3 44. g4 Kc4 45. g5 Kc5 46. g6 Kc6 47. g7 1-0


[Site "https://www.chess.com"]

[Event "Titled Tuesday Blitz June 21 Early 2022"]
[White "Kosteniuk, Alexandra"]
[Black "Ibrahimli, Murad"]
[WhiteFideId "4128125"]
[BlackFideId "13410229"]
[WhiteElo "2469"]
[BlackElo "2109"]
[Result "0-1"]
[Round "06"]
[TimeControl "180+1"]
[Date "2022.06.21"]
[WhiteClock "0:00:10"]
[BlackClock "0:00:07"]

1. e4 c5 2. c3 d5 3. exd5 Qxd5 4. d4 Nf6 5. Nf3 e6 6. Be2 Be7 7. O-O cxd4 8. Nxd4 O-O 9. Bf3 Qd7 10. Qe2 Qc7 11. Nb5 Qb6 12. Be3 Bc5 13. Bf4 Na6 14. a4 Bd7 15. b4 Be7 16. Be3 Qd8 17. Bxb7 Nc7 18. Bxa8 Nxa8 19. Nxa7 Nc7 20. b5 Ncd5 21. a5 Bd6 22. b6 Nxe3 23. fxe3 Ne4 24. Nd2 Qh4 25. Nf3 Qh6 26. Qd3 f5 27. a6 g5 28. g3 g4 29. Nh4 Rd8 30. Rad1 Bc5 31. Ng2 Bxb6 32. Nb5 Bxb5 33. Qxd8+ Bxd8 34. Rxd8+ Kg7 35. a7 Bc6 36. Rfd1 Qf6 37. R1d7+ Kh6 38. Rd4 Qe5 39. Nf4 Qa5 40. Nxe6 Qxc3 41. Rd3 Qe1+ 0-1


[Site "https://www.chess.com"]

[Event "Titled Tuesday Blitz June 21 Early 2022"]
[White "Kozelov, Roman"]
[Black "Kozlov, Oleg"]
[WhiteFideId "14133377"]
[BlackFideId "4104544"]
[WhiteElo "2149"]
[BlackElo "2132"]
[Result "0-1"]
[Round "06"]
[TimeControl "180+1"]
[Date "2022.06.21"]
[WhiteClock "0:00:03"]
[BlackClock "0:00:36"]

1. e4 c6 2. d4 d5 3. e5 Bf5 4. Bd3 Bxd3 5. Qxd3 e6 6. Ne2 Qa5+ 7. c3 Qa6 8. Qf3 Nd7 9. O-O c5 10. Be3 Ne7 11. Nd2 Nc6 12. a3 Be7 13. b4 cxb4 14. axb4 Qb5 15. Nf4 O-O 16. Qg4 Kh8 17. Nh5 Rg8 18. Nf3 Qd3 19. Rac1 Qg6 20. Qxg6 hxg6 21. Nf4 Nb6 22. Ra1 a6 23. Nd2 Na7 24. Nd3 Nb5 25. Rfc1 Rgc8 26. Nc5 Rc7 27. h3 Rac8 28. Ndb3 Nc4 29. g4 Kg8 30. Kg2 Kf8 31. Kg3 Nba3 32. Na5 Nxa5 33. Rxa3 Nc4 34. Raa1 a5 35. Rcb1 b6 36. Na4 axb4 37. cxb4 Ra8 38. Ra2 Rca7 39. Rba1 Bxb4 40. Nc3 Rxa2 41. Rxa2 Ra5 42. Rxa5 bxa5 43. Na4 Ke8 44. h4 Kd7 45. h5 gxh5 46. gxh5 Kc6 47. Bc1 Kb5 48. Nb2 Bc3 49. Nxc4 dxc4 50. Ba3 Bxd4 51. f4 c3 52. Bf8 c2 53. Bxg7 c1=Q 0-1


[Site "https://www.chess.com"]

[Event "Titled Tuesday Blitz June 21 Early 2022"]
[White "Krallis, Christos"]
[Black "Artemenko, Oleg"]
[WhiteFideId "4298896"]
[BlackFideId "14201798"]
[WhiteElo "2234"]
[BlackElo "2287"]
[Result "1/2-1/2"]
[Round "06"]
[TimeControl "180+1"]
[Date "2022.06.21"]
[WhiteClock "0:00:19"]
[BlackClock "0:00:27"]

1. d4 e6 2. Nc3 Nf6 3. Bg5 d5 4. e4 Be7 5. Bxf6 Bxf6 6. Nf3 O-O 7. Bd3 dxe4 8. Bxe4 c5 9. dxc5 Qa5 10. O-O Qxc5 11. Qd2 Rd8 12. Qf4 Nc6 13. Rad1 Bd7 14. Bxc6 Bxc6 15. Ne4 Bxe4 16. Qxe4 Qc7 17. c3 h6 18. h4 b5 19. g3 a5 20. Kg2 a4 21. Nd4 Qc4 22. Qc6 Rab8 23. b3 axb3 24. axb3 Qxc6+ 25. Nxc6 Rxd1 26. Rxd1 Rc8 27. Rd6 Rc7 28. c4 bxc4 29. bxc4 Be7 30. Nxe7+ Rxe7 31. Rd8+ Kh7 32. Rc8 g5 33. hxg5 hxg5 34. c5 Rd7 35. c6 Rd2 36. Rf8 Rc2 37. Rxf7+ Kg6 38. Rc7 g4 39. Kf1 Kf5 40. Rf7+ Kg6 41. Rf4 Rxc6 42. Rxg4+ Kf5 43. Rf4+ Kg5 44. Ra4 Rc2 45. Kg2 e5 46. Re4 Kf5 47. Re3 Ra2 48. Kf3 e4+ 49. Kg2 Rd2 50. Ra3 Rd5 51. Ra8 Rd2 52. Rf8+ Kg5 53. Kh3 Re2 54. Rg8+ Kf5 55. Re8 Kg5 56. Kg2 Re1 57. Rf8 Kg4 58. Rf4+ Kg5 59. Rh4 Kf5 60. Rf4+ Kg5 61. Rf8 Kg4 62. Re8 Kg5 63. Kh3 Rh1+ 64. Kg2 Re1 1/2-1/2


[Site "https://www.chess.com"]

[Event "Titled Tuesday Blitz June 21 Early 2022"]
[White "Kucuksari, Kaan"]
[Black "Kobalia, Mikhail"]
[WhiteFideId "6380166"]
[BlackFideId "4119150"]
[WhiteElo "2305"]
[BlackElo "2667"]
[Result "0-1"]
[Round "06"]
[TimeControl "180+1"]
[Date "2022.06.21"]
[WhiteClock "0:00:02"]
[BlackClock "0:00:10"]

1. d4 Nf6 2. c4 c6 3. Nf3 d5 4. Qc2 g6 5. Bf4 Bg7 6. e3 O-O 7. Nc3 c5 8. dxc5 Qa5 9. Rc1 dxc4 10. Bxc4 Qxc5 11. Bb3 Nc6 12. O-O Bg4 13. Ne4 Qh5 14. Nfg5 Bf5 15. Bxf7+ Rxf7 16. Qb3 Rf8 17. Ng3 Qh4 18. Nf3 Nd4 19. Qxf7+ Rxf7 20. Nxh4 Nc6 21. Nhxf5 gxf5 22. Nxf5 Bf8 23. Rfd1 Ne4 24. Ng3 Nxf2 25. Kxf2 e5 26. Nh5 exf4 27. exf4 a5 28. g4 a4 29. Kg3 a3 30. bxa3 Bxa3 31. Rc3 Bb4 32. Rb3 Re7 33. Rdb1 Be1+ 34. Kg2 Bd2 35. Rxb7 Re2+ 36. Kg3 Be1+ 37. Kh3 Bc3 38. Rc7 Re3+ 39. Kg2 Re6 40. f5 Rd6 41. Rbb7 Rd2+ 42. Kh3 Rd3+ 43. Kh4 Be1+ 44. Kg5 Bd2+ 45. Nf4 Nd8 0-1


[Site "https://www.chess.com"]

[Event "Titled Tuesday Blitz June 21 Early 2022"]
[White "Kvaloy, Aksel Bu"]
[Black "Snehal, Bhosale"]
[WhiteFideId "1528815"]
[BlackFideId "5021995"]
[WhiteElo "2006"]
[BlackElo "2103"]
[Result "1/2-1/2"]
[Round "06"]
[TimeControl "180+1"]
[Date "2022.06.21"]
[WhiteClock "0:00:05"]
[BlackClock "0:00:21"]

1. e4 c5 2. Nf3 d6 3. d4 cxd4 4. Nxd4 Nf6 5. Nc3 Nc6 6. Bg5 e6 7. Qd3 Be7 8. O-O-O O-O 9. h4 Bd7 10. Kb1 Rc8 11. Nb3 Ne5 12. Qd2 a6 13. Be2 b5 14. f4 Neg4 15. Bxg4 Nxg4 16. Bxe7 Qxe7 17. Qxd6 Qxd6 18. Rxd6 Bc6 19. a3 Rfd8 20. Rhd1 Rxd6 21. Rxd6 Nf6 22. e5 Ne4 23. Nxe4 Bxe4 24. Nd4 Bxg2 25. Rxa6 Rc4 26. Nxb5 Rxf4 27. Rd6 h5 28. Rd4 Rf5 29. Rd8+ Kh7 30. Nd6 Rf1+ 31. Ka2 g5 32. hxg5 h4 33. Ne8 h3 34. Nf6+ Rxf6 35. gxf6 Bd5+ 36. c4 h2 37. cxd5 h1=Q 38. dxe6 fxe6 39. Rd6 Kg6 40. a4 Qe4 41. a5 Qxe5 42. Ra6 Qf4 43. b3 Qe3 44. Ka3 Qc5+ 45. b4 Qd4 46. Ka4 Kxf6 47. Rb6 Ke7 48. Kb5 Qd3+ 49. Kc6 e5 50. a6 e4 51. a7 e3 52. Kc7 Qe4 53. Rb7 Qc4+ 54. Kb6+ Kd6 55. a8=Q Qxb4+ 56. Ka7 Qa5+ 57. Kb8 Qd8+ 58. Ka7 Qa5+ 59. Kb8 Qd8+ 60. Ka7 Qa5+ 1/2-1/2


[Site "https://www.chess.com"]

[Event "Titled Tuesday Blitz June 21 Early 2022"]
[White "Kvon, Andrey"]
[Black "Yedidia, Daniel"]
[WhiteFideId "14201356"]
[BlackFideId "30905907"]
[WhiteElo "2458"]
[BlackElo "2593"]
[Result "0-1"]
[Round "06"]
[TimeControl "180+1"]
[Date "2022.06.21"]
[WhiteClock "0:00:56"]
[BlackClock "0:01:01"]

1. d4 Nf6 2. Nc3 d5 3. Bf4 c6 4. e3 Bf5 5. Bd3 Bxd3 6. cxd3 Nbd7 7. Nge2 g6 8. O-O Bg7 9. b4 Nh5 10. b5 Nxf4 11. Nxf4 e5 12. bxc6 bxc6 13. dxe5 Bxe5 14. Nfe2 O-O 15. d4 Bg7 16. Qa4 Qf6 17. Rac1 Nb6 18. Qa6 Nc4 19. Ne4 Qf5 20. N2g3 Qd7 21. Nc5 Qc7 22. Rc2 Rab8 23. Rfc1 Rb6 24. Qa4 Rfb8 25. h4 Rb4 26. Rxc4 Rxa4 27. Rxa4 Rb6 28. h5 Bf8 29. Nd3 Qb7 30. Kh2 Bd6 31. hxg6 hxg6 32. Ra5 Rb1 33. Rxa7 Qxa7 34. Rxb1 Qxa2 35. Rb6 Qc2 36. Ne5 Qxf2 37. Rxc6 Bxe5 38. dxe5 Qxe3 39. e6 fxe6 40. Rc7 d4 0-1


[Site "https://www.chess.com"]